 Dungeon Crawl Stone Soup version 0.29.0-4-gdea44cf6ec (webtiles) character file.

Game seed: 6286088514416538938

3290 qw the Cleaver (level 10, -7/61 HPs)
             Began as a Tengu Warper on Aug 28, 2022.
             Was a Priest of Okawaru.
             Mangled by a wight
             ... wielding a +4 scimitar
              (11 damage)
             ... on level 7 of the Dungeon.
             The game lasted 00:00:56 (7906 turns).

qw the Cleaver (Tengu Warper)                       Turns: 7906, Time: 00:00:57

Health: -7/61      AC: 12    Str: 16    XL:     10   Next: 1%
Magic:  12/14      EV: 12    Int: 14    God:    Okawaru [***...]
Gold:   320        SH:  0    Dex: 13    Spells: 13/13 levels left

rFire   . . .      SeeInvis .   b - +2 war axe
rCold   . . .      Faith    .   (no shield)
rNeg    . . .      Spirit   .   n - +0 chain mail
rPois   .          Reflect  .   (helmet restricted)
rElec   .          Harm     .   (no cloak)
rCorr   .          Rampage  .   j - +0 pair of gloves
Will    .....                   (boots unavailable)
Stlth   ..........              (no amulet)
HPRegen 0.20/turn               g - +4 ring of protection
MPRegen 0.14/turn               (no ring)

@: about to teleport, heroic, weakened, corroded, flying quickly and evasively,
quick
A: beak, talons 3, nimble flight
a: Renounce Religion, Heroism


You were on level 7 of the Dungeon.
You worshipped Okawaru.
Okawaru was most pleased with you.
You visited 2 branches of the dungeon, and saw 8 of its levels.

You collected 320 gold pieces.


Innate Abilities, Weirdness & Mutations

You have a beak for a mouth.
You have claws for feet.
Your magical nature lets you fly swiftly and evasively.


   Skills:
 - Level 6.4(11.4) Fighting
 - Level 11.6(16.6) Axes
 - Level 1.0(6.0) Throwing
 + Level 3.4(8.4) Armour
 - Level 4.1(9.1) Dodging
 - Level 2.0 Spellcasting
 - Level 2.4 Translocations
 - Level 4.0 Invocations


You had 13 spell levels left.
You didn't know any spells.
Your spell library contained the following spells:

 Spells                   Type           Power      Damage    Failure   Level
 Blink                    Tloc           16%        N/A       86%         2
 Gell's Gravitas          Tloc           8%         N/A       97%         3
 Lesser Beckoning         Tloc           8%         N/A       97%         3
 Teleport Other           Tloc           8%         N/A       97%         3
 Manifold Assault         Tloc           8%         N/A       100%        5

Inventory:

Hand Weapons
 b - a +2 war axe (weapon)
 l - a +0 morningstar
Armour
 j - a +0 pair of gloves (worn)
 n - a +0 chain mail (worn)
Jewellery
 g - a +4 ring of protection (left hand)
 m - a ring of ice
Scrolls
 k - a scroll of identify
Potions
 a - 2 potions of curing
 c - a potion of heal wounds
 d - a potion of haste {unknown}
 e - 2 potions of might
 i - a potion of attraction {unknown}
 o - a potion of flight {unknown}

Dungeon Overview and Level Annotations

Branches:
Dungeon (7/15)             Temple (1/1) D:5

Altars:
Ashenzari
Cheibriados
Dithmenos
Elyvilon
Fedhas
Gozag
Hepliaklqana
Kikubaaqudgha
Makhleb
Nemelex Xobeh
Okawaru
Qazlal
Ru
Sif Muna
Trog
Uskayaw
Vehumet
Wu Jian
Xom
Yredelemnul
Zin
The Shining One

Annotations:
D:4 2 runed translucent doors, qw's ghost, amateur TeWr


Message History

You kill the gnoll!
Okawaru accepts your kill.
You slash the ogre! You closely miss the gnoll bouda.
The ogre hits you with a +0 giant spiked club!!
The gnoll hits you but does no damage.
The gnoll bouda hits you with a +0 club.
Your life force feels restored.
7901 ||| DRINKING 2 potions of heal wounds.
You feel much better.
Your surroundings suddenly seem different. 3 wights and an orc wizard come into view.
A wight is wielding a +5 dagger of freezing.
The orc wizard is wielding a +2 dagger of electrocution.
Found a scroll of teleportation.
The orc wizard shouts!
You hear a shout! x2
An orc comes into view. It is wielding a +0 short sword.
An orc wizard comes into view. It is wielding a +0 dagger.
A wight comes into view.
It is wielding a +5 hand axe of freezing.
A wight comes into view. It is wielding a +4 spear.
Enter note: An orc comes into view. It is wielding a +0 club.
The orc shouts!
The orc wizard mumbles some strange words.
The orc wizard flickers and vanishes!
Deactivating autopickup; reactivate with Ctrl-A.
An orc comes into view. It is wielding a +0 flail.
You slash the wight! Your peck misses the wight.
The wight is severely damaged.
You hit the wight but do no damage. The wight closely misses you.
The wight hits you but does no damage.
You hit the wight but do no damage. You claw the wight, but do no damage.
The wight is severely damaged.
You hit the wight. You hit the wight but do no damage.
The wight hits you with a +1 flail! The wight hits you with a +4 scimitar.
The wight hits you with a +5 dagger of freezing!
The wight freezes you.
7906 ||| READING scroll of teleportation.
As you read the scroll of teleportation, it crumbles to dust.
You feel strangely unstable. The wight hits you with a +4 scimitar!
You die...

##.....##
#.......
###.......
#......o. #
......o{z .#
... .ozo## ?.#
....##zzz##.##
#......@.....#
##..........##
##..........#
#......##..#
#....... .#
#........ ..
###..####. .
..# .# ... #


You could see 5 wights, an orc wizard and 3 orcs.

Vanquished Creatures
  Pikel (D:6)
  Maggie (D:6)
  A troll (D:6)
  A steam dragon (D:5)
  A vampire mosquito (D:6)
  A water moccasin (D:6)
  An ice beast (D:5)
  3 ogres
  3 black bears (D:6)
  4 lemures (D:6)
  A kobold brigand (D:5)
  3 bullfrogs
  3 scorpions
  5 wights
  4 hounds
  2 jellies
  A gnoll bouda (D:5)
  2 iguanas (D:6)
  2 orc wizards
  13 gnolls
  10 adders
  A shadow imp (D:6)
  A white imp (D:6)
  A worm (D:3)
  2 dart slugs (D:1)
  11 orcs
  9 endoplasms
  5 giant cockroaches
  6 goblins
  6 hobgoblins
  4 jackals
  6 quokkas
  6 ball pythons
  4 bats
  3 frilled lizards
  6 kobolds
  8 rats
142 creatures vanquished.

Vanquished Creatures (others)
  10 plants (D:5)
10 creatures vanquished.

Grand Total: 152 creatures vanquished

Notes
Turn   | Place    | Note
-------+----------+-------------------------------------------
     0 | D:1      | qw the Tengu Warper began the quest for the Orb.
     0 | D:1      | Reached XP level 1. HP: 12/12 MP: 4/4
     0 | D:1      | 0 ||| qw: Version: 0.1-a-89-g26bdef1
     0 | D:1      | 0 ||| qw: Game counter: 3359
     0 | D:1      | 0 ||| qw: Always use a shield: true
     0 | D:1      | 0 ||| qw: God list: Okawaru
     0 | D:1      | 0 ||| qw: Allow faded altars: false
     0 | D:1      | 0 ||| qw: Do Orc after D:15 true
     0 | D:1      | 0 ||| qw: Do second Lair branch before Depths: true
     0 | D:1      | 0 ||| qw: Lair rune preference: random
     0 | D:1      | 0 ||| qw: Plans: Normal
     0 | D:1      | 0 ||| PLANNING D:1-11
    60 | D:1      | 60 ||| Stepping ~*~*~tactically~*~*~ (hiding).
   163 | D:1      | 163 ||| Stepping ~*~*~tactically~*~*~ (hiding).
   321 | D:1      | Reached XP level 2. HP: 17/17 MP: 6/6
   324 | D:1      | 324 ||| Stepping ~*~*~tactically~*~*~ (stealth).
   325 | D:1      | 325 ||| Stepping ~*~*~tactically~*~*~ (stealth).
   330 | D:1      | Reached skill level 3 in Axes
   404 | D:1      | 404 ||| Stepping ~*~*~tactically~*~*~ (stealth).
   455 | D:1      | 455 ||| Stepping ~*~*~tactically~*~*~ (stealth).
   457 | D:1      | 457 ||| Stepping ~*~*~tactically~*~*~ (stealth).
   458 | D:1      | 458 ||| Stepping ~*~*~tactically~*~*~ (stealth).
   567 | D:1      | 567 ||| Stepping ~*~*~tactically~*~*~ (stealth).
   569 | D:1      | 569 ||| Stepping ~*~*~tactically~*~*~ (stealth).
   578 | D:1      | 578 ||| Stepping ~*~*~tactically~*~*~ (stealth).
   579 | D:1      | 579 ||| Stepping ~*~*~tactically~*~*~ (stealth).
   642 | D:1      | 642 ||| DROPPING +0 club.
   845 | D:1      | Reached XP level 3. HP: 7/21 MP: 7/7
  1355 | D:1      | Reached skill level 4 in Axes
  1712 | D:1      | 1712 ||| UPGRADING to +0 ring mail.
  1722 | D:1      | 1722 ||| DROPPING +0 leather armour.
  1723 | D:1      | 1723 ||| READING scroll labelled NOGOROFIKI.
  1728 | D:1      | 1728 ||| READING scroll labelled DEKHLU DUTT.
  1729 | D:1      | 1729 ||| READING 2 scrolls labelled UBBUIR APORE.
  1730 | D:1      | 1730 ||| READING scroll of brand weapon.
  1730 | D:1      | 1730 ||| BRANDING +0 hand axe of electrocution.
  1731 | D:1      | 1731 ||| DRINKING 2 coppery potions.
  1732 | D:1      | 1732 ||| DROPPING scroll of blinking.
  1733 | D:1      | 1733 ||| DROPPING potion of brilliance.
  2036 | D:2      | Found a radiant altar of Vehumet.
  2074 | D:2      | 2074 ||| Stepping ~*~*~tactically~*~*~ (stealth).
  2075 | D:2      | 2075 ||| Stepping ~*~*~tactically~*~*~ (stealth).
  2294 | D:2      | 2294 ||| Stepping ~*~*~tactically~*~*~ (stealth).
  2303 | D:2      | Reached XP level 4. HP: 26/26 MP: 8/8
  2509 | D:2      | Reached skill level 5 in Axes
  2971 | D:2      | 2971 ||| READING scroll labelled LAPYCI SIRHAGH.
  2972 | D:2      | 2972 ||| DRINKING 2 fuming golden potions.
  3261 | D:3      | Gained mutation: Your magical nature lets you fly swiftly
                  | and evasively. [Tengu growth]
  3261 | D:3      | Reached XP level 5. HP: 30/30 MP: 9/9
  3441 | D:3      | Identified the +3 ring mail of Saicsots {-Cast Rampage rC+}
  3628 | D:3      | 3628 ||| UPGRADING to +3 ring mail of Saicsots {-Cast
                  | Rampage rC+}.
  3638 | D:3      | 3638 ||| DROPPING +0 ring mail.
  3639 | D:3      | 3639 ||| READING 3 scrolls labelled KISEUS VURR.
  3640 | D:3      | 3640 ||| READING 3 scrolls labelled COEMALYS ZEDAY.
  3641 | D:3      | 3641 ||| READING scroll labelled LOEXKUKHOFAH.
  3642 | D:3      | 3642 ||| DROPPING 2 scrolls of butterflies.
  3643 | D:3      | 3643 ||| DROPPING 2 scrolls of noise.
  3666 | D:4      | 3666 ||| Stepping ~*~*~tactically~*~*~ (hiding).
  3668 | D:4      | 3668 ||| Stepping ~*~*~tactically~*~*~ (hiding).
  3852 | D:4      | 3852 ||| DROPPING +0 whip.
  3886 | D:4      | Reached skill level 6 in Axes
  3937 | D:4      | Found a large runed translucent door.
  3938 | D:4      | Found a large runed translucent door.
  3942 | D:4      | Noticed qw's ghost (amateur TeWr)
  4361 | D:4      | 4361 ||| READING scroll labelled BIBEHETTEU.
  4362 | D:4      | 4362 ||| READING scroll labelled PAPTEL EBRO.
  4382 | D:5      | Entered Level 5 of the Dungeon
  4517 | D:5      | Found a blossoming altar of Fedhas.
  4562 | D:5      | Noticed an ice beast
  4569 | D:5      | Killed an ice beast
  4570 | D:5      | Reached skill level 7 in Axes
  4570 | D:5      | Reached XP level 6. HP: 24/35 MP: 10/10
  4700 | D:5      | Identified the +2 long sword "Boucs" {elec, rC- Will+
                  | rCorr}
  4767 | D:5      | Found a staircase to the Ecumenical Temple.
  4768 | D:5      | 4768 ||| PLANNING TEMPLE
  4768 | D:5      | 4768 ||| UPGRADING to +4 ring of protection.
  4775 | Temple   | Entered the Ecumenical Temple
  4861 | Temple   | Became a worshipper of Warmaster Okawaru
  5010 | Temple   | 5010 ||| PLANNING D:1-11
  5152 | D:5      | Reached skill level 3 in Fighting
  5185 | D:5      | Noticed a steam dragon
  5186 | D:5      | 5186 ||| Stepping ~*~*~tactically~*~*~ (stealth).
  5190 | D:5      | Reached * piety under Okawaru
  5191 | D:5      | Reached XP level 7. HP: 41/41 MP: 11/11
  5196 | D:5      | 5196 ||| Stepping ~*~*~tactically~*~*~ (hiding).
  5199 | D:5      | 5199 ||| INVOKING Heroism.
  5209 | D:5      | Killed a steam dragon
  5210 | D:5      | Reached skill level 1 in Invocations
  5338 | D:5      | Reached skill level 8 in Axes
  5410 | D:5      | 5410 ||| INVOKING Heroism.
  5576 | D:5      | 5576 ||| UPGRADING to +0 pair of gloves.
  5581 | D:5      | 5581 ||| READING 2 scrolls of identify.
  5581 | D:5      | 5581 ||| IDENTIFYING golden potion
  5588 | D:5      | 5588 ||| DROPPING potion of degeneration.
  5611 | D:6      | 5611 ||| STAIRDANCE
  5621 | D:5      | Reached skill level 3 in Dodging
  5624 | D:5      | Reached XP level 8. HP: 39/47 MP: 12/12
  5676 | D:6      | 5676 ||| STAIRDANCE
  5678 | D:5      | 5678 ||| INVOKING Heroism.
  5710 | D:6      | 5710 ||| STAIRDANCE
  5717 | D:5      | Reached skill level 3 in Invocations
  5776 | D:6      | 5776 ||| STAIRDANCE
  5895 | D:6      | 5895 ||| INVOKING Heroism.
  5954 | D:6      | 5954 ||| SWAPPING to +2 war axe.
  5955 | D:6      | 5955 ||| DROPPING +0 vorpal hand axe.
  5963 | D:6      | 5963 ||| DROPPING +0 flail.
  6030 | D:6      | 6030 ||| Stepping ~*~*~tactically~*~*~ (stealth).
  6038 | D:6      | 6038 ||| FLEEEEING.
  6039 | D:6      | 6039 ||| FLEEEEING.
  6040 | D:6      | 6040 ||| FLEEEEING.
  6042 | D:6      | 6042 ||| FLEEEEING.
  6043 | D:6      | 6043 ||| STAIRDANCE
  6210 | D:6      | 6210 ||| STAIRDANCE
  6218 | D:5      | Reached skill level 9 in Axes
  6264 | D:6      | 6264 ||| STAIRDANCE
  6369 | D:6      | 6369 ||| INVOKING Heroism.
  6397 | D:6      | 6397 ||| Stepping ~*~*~tactically~*~*~ (hiding).
  6398 | D:6      | 6398 ||| Stepping ~*~*~tactically~*~*~ (hiding).
  6406 | D:6      | 6406 ||| Stepping ~*~*~tactically~*~*~ (stealth).
  6412 | D:6      | 6412 ||| INVOKING Heroism.
  6435 | D:6      | 6435 ||| Stepping ~*~*~tactically~*~*~ (stealth).
  6445 | D:6      | 6445 ||| Stepping ~*~*~tactically~*~*~ (stealth).
  6446 | D:6      | 6446 ||| Stepping ~*~*~tactically~*~*~ (stealth).
  6447 | D:6      | 6447 ||| Stepping ~*~*~tactically~*~*~ (stealth).
  6482 | D:6      | Noticed a troll
  6483 | D:6      | 6483 ||| Stepping ~*~*~tactically~*~*~ (stealth).
  6484 | D:6      | 6484 ||| INVOKING Heroism.
  6493 | D:6      | Killed a troll
  6493 | D:6      | Reached ** piety under Okawaru
  6494 | D:6      | Reached skill level 10 in Axes
  6494 | D:6      | Reached XP level 9. HP: 34/52 MP: 11/13
  6536 | D:6      | 6536 ||| FLEEEEING.
  6539 | D:6      | 6539 ||| INVOKING Heroism.
  6570 | D:6      | 6570 ||| FLEEEEING.
  6571 | D:6      | 6571 ||| FLEEEEING.
  6602 | D:6      | 6602 ||| FLEEEEING.
  6603 | D:6      | 6603 ||| FLEEEEING.
  6604 | D:6      | 6604 ||| FLEEEEING.
  6605 | D:6      | 6605 ||| FLEEEEING.
  6606 | D:6      | 6606 ||| FLEEEEING.
  6607 | D:6      | 6607 ||| FLEEEEING.
  6622 | D:6      | 6622 ||| FLEEEEING.
  6623 | D:6      | 6623 ||| FLEEEEING.
  6624 | D:6      | 6624 ||| FLEEEEING.
  6625 | D:6      | 6625 ||| FLEEEEING.
  6626 | D:6      | 6626 ||| FLEEEEING.
  6627 | D:6      | 6627 ||| FLEEEEING.
  6628 | D:6      | 6628 ||| FLEEEEING.
  6629 | D:6      | 6629 ||| FLEEEEING.
  6630 | D:6      | 6630 ||| FLEEEEING.
  6631 | D:6      | 6631 ||| FLEEEEING.
  6632 | D:6      | 6632 ||| FLEEEEING.
  6633 | D:6      | 6633 ||| FLEEEEING.
  6634 | D:6      | 6634 ||| FLEEEEING.
  6635 | D:6      | 6635 ||| FLEEEEING.
  6636 | D:6      | 6636 ||| FLEEEEING.
  6637 | D:6      | 6637 ||| FLEEEEING.
  6638 | D:6      | 6638 ||| FLEEEEING.
  6641 | D:6      | 6641 ||| FLEEEEING.
  6642 | D:6      | 6642 ||| FLEEEEING.
  6643 | D:6      | 6643 ||| FLEEEEING.
  6644 | D:6      | 6644 ||| STAIRDANCE
  6697 | D:5      | 6697 ||| READING 2 scrolls of identify.
  6697 | D:5      | 6697 ||| IDENTIFYING sapphire potion
  6700 | D:6      | 6700 ||| INVOKING Heroism.
  6751 | D:6      | 6751 ||| INVOKING Heroism.
  6858 | D:6      | Noticed Pikel
  6859 | D:6      | 6859 ||| INVOKING Heroism.
  6882 | D:6      | Killed Pikel
  6883 | D:6      | Reached skill level 6 in Fighting
  7128 | D:6      | Noticed Maggie
  7129 | D:6      | 7129 ||| Stepping ~*~*~tactically~*~*~ (hiding).
  7143 | D:6      | 7143 ||| INVOKING Heroism.
  7148 | D:6      | Killed Maggie
  7396 | D:6      | 7396 ||| Stepping ~*~*~tactically~*~*~ (stealth).
  7398 | D:6      | 7398 ||| INVOKING Heroism.
  7401 | D:6      | 7401 ||| Stepping ~*~*~tactically~*~*~ (stealth).
  7409 | D:6      | Reached skill level 11 in Axes
  7411 | D:6      | 7411 ||| Stepping ~*~*~tactically~*~*~ (stealth).
  7418 | D:6      | 7418 ||| Stepping ~*~*~tactically~*~*~ (stealth).
  7536 | D:6      | 7536 ||| Stepping ~*~*~tactically~*~*~ (stealth).
  7546 | D:6      | 7546 ||| Stepping ~*~*~tactically~*~*~ (stealth).
  7574 | D:6      | 7574 ||| Stepping ~*~*~tactically~*~*~ (hiding).
  7688 | D:6      | 7688 ||| Stepping ~*~*~tactically~*~*~ (hiding).
  7737 | D:6      | 7737 ||| Stepping ~*~*~tactically~*~*~ (stealth).
  7739 | D:6      | 7739 ||| INVOKING Heroism.
  7818 | D:6      | 7818 ||| UPGRADING to +0 chain mail.
  7828 | D:6      | 7828 ||| DROPPING +3 ring mail of Saicsots {-Cast Rampage
                  | rC+}.
  7877 | D:7      | 7877 ||| INVOKING Heroism.
  7881 | D:7      | Reached *** piety under Okawaru
  7888 | D:7      | Reached skill level 3 in Armour
  7894 | D:7      | 7894 ||| INVOKING Heroism.
  7895 | D:7      | HP: 13/55 [gnoll/+0 spear[a gnoll bouda] (3)]
  7896 | D:7      | 7896 ||| READING 2 scrolls of teleportation.
  7897 | D:7      | 7897 ||| DRINKING 3 potions of heal wounds.
  7900 | D:7      | Reached XP level 10. HP: 27/60 MP: 11/14
  7900 | D:7      | HP: 8/60 [ogre/+0 giant spiked club (20)]
  7901 | D:7      | 7901 ||| DRINKING 2 potions of heal wounds.
  7905 | D:7      | HP: 15/61 [wight/+4 scimitar (5)]
  7905 | D:7      | HP: 7/61 [wight/+5 dagger of freezing (8)]
  7905 | D:7      | HP: 3/61 [wight/+5 dagger of freezing (4)]
  7906 | D:7      | 7906 ||| READING scroll of teleportation.
  7906 | D:7      | Mangled by a wight

Levels and vault maps discovered:
D:1:      amcnicky_arrival_abandoned_market, layout_loops_ring
D:2:      layout_loops_corners, basic_altar
D:3:      layout_basic
D:4:      layout_cave_pools, ebering_ghost_disaster_area
D:5:      layout_basic, fedhas_altar_3, minmay_temple_entry_junction_2,
          serial_bayou, serial_bayou_ford_a, serial_bayou_lagoon_a,
          serial_bayou_pond_c, serial_bayou_shore_a
D:6:      wad_guarded_room, layout_cave_pools, minmay_misc_feat_chi,
          uniq_maggie, uniq_pikel
D:7:      kennysheep_six_static_rooms, layout_cave_pools, uniq_menkaure
Temple:   mainiacjoe_temple_archimedes_tessellation

Skill      XL: |  1  2  3  4  5  6  7  8  9 |
---------------+----------------------------+-----
Axes           | 3 4 5 7 8 10 11 | 11.6
Fighting       | 3 4 6 |  6.4
Invocations    | 2 4 |  4.0
Dodging        | 3 4 |  4.1
Armour         | 2 3 |  3.4
Throwing       | |  1.0
Spellcasting   | |  2.0
Translocations | |  2.4

Action                   |  1- 3 |  4- 6 |  7- 9 | 10-12 || total
-------------------------+-------+-------+-------+-------++-------
Melee: Hand axe          |   108 |   135 |    61 |       ||   304
       Kick              |    19 |    35 |    59 |     1 ||   114
       Peck              |     9 |    23 |    37 |       ||    69
       Punch             |     1 |     1 |     4 |       ||     6
       War axe           |       |       |   155 |     3 ||   158
Throw: Boomerang         |     7 |       |       |       ||     7
Invok: Heroism           |       |       |    16 |       ||    16
  Use: Scroll            |     4 |     6 |     3 |     1 ||    14
       Potion            |     1 |     1 |     1 |     1 ||     4
 Stab: Distracted        |       |       |     1 |       ||     1
Armor: Leather armour    |    21 |       |       |       ||    21
       Ring mail         |     6 |    39 |    62 |       ||   107
       Chain mail        |       |       |    15 |     2 ||    17
Dodge: Dodged            |    68 |    66 |   142 |     1 ||   277

Table legend:
 A = Non-vault XP
 B = Vault XP
 C = Vault XP percentage of total XP
 D = Non-vault monster count
 E = Vault monster count
 F = Vault count percentage of total count
                 A         B        C        D         E       F
            +---------+---------+-------+---------+---------+-------
      Total |    2240 |    2461 |  52.4 |     119 |      19 |  13.8
            +---------+---------+-------+---------+---------+-------
        D:1 |      56 |       0 |   0.0 |      24 |       0 |   0.0
        D:2 |      79 |       0 |   0.0 |      21 |       0 |   0.0
        D:3 |      43 |       0 |   0.0 |      15 |       0 |   0.0
        D:4 |      71 |       0 |   0.0 |      13 |       0 |   0.0
        D:5 |    1129 |       0 |   0.0 |      24 |       0 |   0.0
        D:6 |     621 |    2461 |  79.9 |      15 |      19 |  55.9
        D:7 |     241 |       0 |   0.0 |       7 |       0 |   0.0
            +---------+---------+-------+---------+---------+-------
